Unix NetHack Version 3.7.0-66 Work-in-progress - last build Dec 5 2022 03:26:57 (dbea811729ade750c4c0c7f8ab6145c62533a6e7,branch:master). Game began 2022-12-11 15:46:39, ended 2022-12-12 13:27:26. Buffalo, neutral male human Archeologist ------ ------ ------- |....| |.....# ##......| ------------ #.>^...## |....|#### # |.....| |..........| #|.^..| ## ---------- |....| # # |.....| #...........| #|....| ###### |........| --.--- ##`#..(....#############|....{.....| #---.-- ###.........| # # -|---.- ## |..(.......| # ^# |........| # # ######### ###....<^.....| # # |........| # # # ## # -------.--.- # # |....^...| # # # ### # ###) # # |.....>..| # # # # # ## # # ---------- ---.------- # # # # ##### # #..-- |......%..|## ##### ## # -+---|---# #|..| |.........|# .|-.----..- ## |.......|# |..| |..........# |_%.......|############.^......|# ---- |...{.....| |.^.......|## |F.......# |.........| |..._^.....# --------- ----------- |...[_..F.|# -----------# Buffalo the Investigator St:17 Dx:8 Co:18 In:12 Wi:16 Ch:8 Neutral S:4223 Dlvl:3 $:209 HP:67(67) Pw:39(39) AC:-6 Xp:7/777 T:5158 Latest messages: What do you want to drop? [$ac-eghj-svxzC-FH-JLN-V or ?*] j You drop an uncursed can of grease. What do you want to use or apply? [aceghk-msvxzEOPTV or ?*] h You have a little trouble removing u - 2 uncursed clear potions. What do you want to drop? [$ac-eghk-suvxzC-FH-JLN-V or ?*] u You drop 2 uncursed clear potions. You drop an uncursed dart. You drop 3 uncursed crude daggers. Your movements are now unencumbered. You drop an uncursed elven dagger. You drop 2 uncursed food rations. Really save? [yn] (n) y Saving... Restoring save file... Hello Buffalo, the human Archeologist, welcome back to NetHack! Something is engraved here on the floor. You read: "?". Pick an object. _ an iron chain or an altar (neutral altar) Something is engraved here on the floor. You read: "?". Really save? [yn] (n) y Saving... Restoring save file... Hello Buffalo, the human Archeologist, welcome back to NetHack! Something is engraved here on the floor. You read: "?". Really quit? [yn] (n) y Do you want your possessions identified? [ynq] (y) q Inventory: Coins $ - 209 gold pieces Amulets F - an uncursed amulet of life saving (being worn) Weapons a - a +2 bullwhip named pray1805 Armor q - a blessed +2 orcish helm (being worn) S - an uncursed +0 pair of iron shoes (being worn) U - an uncursed +0 dwarvish roundshield (being worn) n - an uncursed -1 cloak of invisibility (being worn) C - an uncursed +0 dwarvish mithril-coat (being worn) Comestibles z - an uncursed cream pie Q - 3 uncursed lembas wafers D - an uncursed lizard corpse Rings r - a cursed -1 ring of adornment named bones H - a blessed +1 ring of gain strength named bones (on right hand) N - an uncursed ring of polymorph control Wands x - a wand of create monster named -2 (0:12) O - a wand of digging named -3 (0:4) s - a cursed wand of light named bones (0:13) E - a wand of magic missile (0:6) V - a wand of speed monster named -2 (0:2) Tools h - an uncursed greased sack containing 22 items l - an uncursed leash k - an uncursed lock pick m - an uncursed magic whistle v - an uncursed oil lamp (lit) e - a +2 pick-axe (weapon in hand) c - an uncursed tallow candle T - an uncursed partly used tallow candle P - an uncursed towel Gems/Stones I - an uncursed worthless piece of red glass J - 2 uncursed worthless pieces of white glass L - 2 uncursed worthless pieces of yellow glass g - an uncursed touchstone Contents of the sack: 586 gold pieces a cursed +0 cloak of displacement named bones a cursed scroll of magic mapping an uncursed scroll of enchant armor a cursed scroll of enchant armor a cursed scroll of destroy armor a cursed scroll of food detection an uncursed scroll of stinking cloud a cursed scroll of genocide a blessed scroll of identify an uncursed scroll of identify a blessed scroll of enchant weapon 2 uncursed scrolls of enchant weapon a cursed scroll of enchant weapon an uncursed scroll of remove curse a potion of holy water an uncursed potion of levitation 2 cursed potions of see invisible an uncursed potion of healing an uncursed potion of booze an uncursed potion of fruit juice a cursed luckstone Buffalo the Archeologist's attributes: Background: You were an Investigator, a level 7 male human Archeologist. You were neutral, on a mission for Camaxtli who was opposed by Quetzalcoatl (lawful) and Huhetotl (chaotic). You were in the Dungeons of Doom, on level 3. You entered the dungeon 5158 turns ago. You had 777 experience points, 503 more were needed to attain level 8. Your score was 4223 before end-of-game adjustments. Basics: You had all 67 hit points. You had all 39 energy points (spell power). Your armor class was -6. Your wallet contained 209 zorkmids, and you had 586 more stashed away in your pack. Autopickup was off. Final Characteristics: Your strength was 17 (base:16, limit:18/100). Your dexterity was 8 (limit:18). Your constitution was 18 (limit:18). Your intelligence was 12 (limit:18). Your wisdom was 16 (limit:18). Your charisma was 8 (limit:18). Final Status: You were not hungry. You were unencumbered. You were wielding a pick-axe. You were skilled in pick-axe. Final Attributes: You were piously aligned. You were invisible. You were stealthy. You had a small defense bonus (+3). You were guarded. You were fast. Your life would have been saved. You were lucky. You survived. Miscellaneous: You encountered 1 bones level. Total elapsed playing time was 48 minutes and 51 seconds. Major events: Turn 1: Buffalo the neutral male human Archeologist entered the dungeon 1662: attained the rank of Field Worker (level 3) 2414: entered the Gnomish Mines 3639: reached Mine Town 3870: attained the rank of Investigator (level 6) 4799: destroyed HarmathZsolt's ghost, the former Wanderer 5158: quit Vanquished creatures: a ghost a giant mimic a leprechaun a giant spider a gnome ruler a lizard a dwarf leader a snake a wood nymph a rock mole a fog cloud a shrieker 2 gnome leaders 2 gnomish wizards an elf zombie 2 giant ants 3 dwarves a homunculus a giant bat 2 orc zombies 3 dwarf zombies a wererat an iguana a coyote a gas spore 3 hobbits 2 hobgoblins 6 giant rats 4 cave spiders 18 gnomes 3 gnome zombies 7 geckos 2 jackals 2 foxes a kobold 4 goblins a sewer rat 2 grid bugs 5 lichens a kobold zombie 5 newts 99 creatures vanquished. No species were genocided or became extinct. Voluntary challenges: You read items or engraved 6 times. You engraved Elbereth 2 times. You never genocided any monsters. You never polymorphed an object. You never changed form. You used no wishes. Achievements: You entered a shop. You attained the rank of Field Worker. You entered the Gnomish Mines. You entered Minetown. You entered a temple. You attained the rank of Investigator. The Dungeons of Doom: levels 1 to 5 Level 1: Level 2: "vaultshop" A scroll shop, an altar to Camaxtli, a fountain. Level 3: "vault" <- You were here. Many altars, some fountains. Stairs down to The Gnomish Mines. Level 4: Some fountains. Level 5: "vault,shop" The Gnomish Mines: levels 4 to 7 Level 4: Level 5: Level 6: A grave. Final resting place for HarmathZsolt-Cav-Dwa-Fem-Law, killed by a giant spider. Level 7: Many shops, a temple to Camaxtli, some fountains. Goodbye Buffalo the Archeologist... You quit in The Dungeons of Doom on dungeon level 3 with 4223 points, and 795 pieces of gold, after 5158 moves. You were level 7 with a maximum of 67 hit points when you quit.